 Dungeon Crawl Stone Soup version 0.18.1-48-g4cf74bf (webtiles) character file.

107 Alarkh the Slasher (level 4, -13/33 HPs)
             Began as a Mummy Skald on Sept 13, 2016.
             Killed by divine providence
             ... invoked by an orc priest
              (17 damage)
             ... on level 3 of the Dungeon.
             The game lasted 00:04:29 (2822 turns).

Alarkh the Slasher (Mummy Skald)                    Turns: 2822, Time: 00:04:30

Health: -13/33     AC:  4    Str: 15    XL:     4   Next: 57%
Magic:  7/7        EV: 11    Int: 12    God:
Gold:   116        SH:  0    Dex: 11    Spells: 1 memorised, 6 levels left

rFire  x . .     SeeInvis .     a - +0 falchion
rCold  + . .     Gourm    .     b - +0 leather armour
rNeg   + + +     Faith    .     (no shield)
rPois  ∞         Spirit   .     k - +0 helmet
rElec  .         Dismiss  .     (no cloak)
rCorr  .         Reflect  .     (no gloves)
SustAt .         Harm     .     (no boots)
MR     .....                    (no amulet)
Stlth  +.........               (no ring)
                                (no ring)

@: infused (expiring), not resistant to hostile enchantments, very unstealthy
A: no food or potions, fire vulnerability, cold resistance 1, negative energy
resistance 3, torment resistance, unbreathing
a: no special abilities


You were on level 3 of the Dungeon.
You were not hungry.

You visited 1 branch of the dungeon, and saw 3 of its levels.

You collected 116 gold pieces.

Inventory:

Hand Weapons
 a - a +0 falchion (weapon)
Armour
 b - a +0 leather armour (worn)
 h - a cursed +0 large shield
 k - a +0 helmet (worn)
Scrolls
 d - a scroll of fog {unknown}
 e - a scroll of identify
 f - a scroll of random uselessness
 g - a scroll of immolation {unknown}
 i - a scroll of enchant armour {unknown}
 j - a scroll of recharging {unknown}
 l - a scroll of magic mapping {unknown}
Books
 c - a book of Battle

   Spells                             Type                      Level
   a - Infusion                       Charms                       1
   b - Shroud of Golubria             Charms/Translocation         2
   c - Song of Slaying                Charms                       2
   d - Spectral Weapon                Hexes/Charms                 3
   e - Regeneration                   Charms/Necromancy            3


   Skills:
 - Level 2.0 Fighting
 + Level 4.0 Long Blades
 - Level 0.7 Armour
 - Level 0.7 Dodging
 - Level 2.0 Spellcasting
 - Level 2.4 Charms


You had 6 spell levels left.
You knew the following spells:

 Your Spells              Type           Power        Failure   Level  Hunger
a - Infusion              Chrm           #...         14%         1    N/A

Dungeon Overview and Level Annotations

Branches:
Dungeon (3/15)

Altars:


Innate Abilities, Weirdness & Mutations

You do not eat or drink.
Your flesh is vulnerable to fire.
You are immune to poison.
Your flesh is cold resistant.
You are immune to negative energy.
You are immune to unholy pain and torment.
You can survive without breathing.


Message History

The orc wizard hits you but does no damage.
You closely miss the orc wizard.
The orc priest shouts!
The orc hits you but does no damage. The orc wizard barely misses you.
The orc shouts!
You hit the orc wizard but do no damage.
The orc hits you but does no damage. The orc wizard barely misses you.
The orc priest calls down the wrath of Beogh upon you.
Beogh smites you!
The orc wizard gestures wildly while chanting.
The orc wizard flickers and vanishes!
Deactivating autopickup; reactivate with Ctrl-A.
Your magical infusion is running out.
The orc priest mumbles some strange prayers to Beogh against you.
Beogh smites you!
* * * LOW HITPOINT WARNING * * *
The orc priest invokes the aid of Beogh against you.
Beogh smites you!
Ouch! That really hurt!
You die...

....
#####.####.....#####.#.#
...
#...#.#..............#.#
#..
#...#.#.#........#####.#
.#.#
#...#.#.#..............#
.#.#..
#...#.#.#...).....######
.#.#..##...#.#.#.........#
.#.#...........#.........#
.#.###.#...#.###.........#
.#)#............@........#
.#.#.##..>...####.....####
........!....#
#.o....###########
)#.#.##......#
#......'..........
.#.#.#..<#...#
#.....)###########
.#.#.#.#.....# #......#
.#.#.###.....# #.o....#
.#.#.. ......# #o.....#
.#.### ###...# #.######


You could see an orc priest and an orc.

Vanquished Creatures
  Robin (D:3)
  2 adders (D:2)
  2 worms (D:2)
  2 dart slugs (D:1)
  A giant gecko (D:2)
  8 bats
  4 giant cockroaches
  10 hobgoblins
  A quokka (D:2)
  3 ball pythons
  4 giant newts
  13 goblins
  8 kobolds
  7 rats
66 creatures vanquished.

Notes
Turn   | Place    | Note
--------------------------------------------------------------
     0 | D:1      | Alarkh the Mummy Skald began the quest for the Orb.
     0 | D:1      | Reached XP level 1. HP: 16/16 MP: 3/3
    64 | D:1      | Reached skill level 2 in Long Blades
   135 | D:1      | You fall through a shaft!
   359 | D:2      | Reached XP level 2. HP: 13/22 MP: 0/5
  1055 | D:1      | Reached XP level 3. HP: 27/27 MP: 3/6
  1217 | D:1      | Reached skill level 3 in Long Blades
  1720 | D:2      | Reached XP level 4. HP: 20/33 MP: 1/7
  2102 | D:3      | Noticed Robin
  2571 | D:3      | Killed Robin
  2571 | D:3      | Reached skill level 4 in Long Blades
  2822 | D:3      | Killed from afar by an orc priest

Skill      XL: |  1  2  3  4 |
---------------+-------------+-----
Long Blades    | 2 3 4 |  4.0
Fighting       | |  2.0
Armour         | |  0.7
Dodging        | |  0.7
Spellcasting   | |  2.0
Charms         | |  2.4

Action                   |  1- 3 |  4- 6 || total
-------------------------+-------+-------++-------
Melee: Falchion          |   106 |    98 ||   204
 Cast: Infusion          |    13 |    13 ||    26
  Use: Scroll            |     1 |       ||     1
Armor: Leather armour    |    36 |    24 ||    60
Dodge: Dodged            |    73 |    50 ||   123
